NCAA
TENNESSEE VOLUNTEERS @ KANSAS JAYHAWKS
05/22/2029
 
TOP OF THE 1ST
Tennessee Volunteers batting - Pitching for Kansas Jayhawks : RHP Dustin Velásquez
Pitching: RHP Dustin Velásquez
Batting: RHB Bruce Carr 0-0: Ball
1-0: Foul Ball, location: 2F
1-1: Swinging Strike
1-2: Ball
2-2: SINGLE (Line Drive, 4D)
Batting: SHB Jared Calhoun 0-0: Called Strike
0-1: Ball
1-1: Ball
2-1: Fly out, F9 (Flyball, 9LMF)
Batting: LHB Alfredo Cantú 0-0: Swinging Strike
0-1: Called Strike
0-2: Foul Ball, location: 2F
0-2: Strikes out looking
Batting: LHB Carl Coffman 0-0: Ball
1-0: Called Strike
1-1: Swinging Strike
1-2: Fly out, F9 (Flyball, 9)
Top of the 1st over - 0 runs, 1 hit, 0 errors, 1 left on base; Tennessee 0 - Kansas 0
BOTTOM OF THE 1ST
Kansas Jayhawks batting - Pitching for Tennessee Volunteers : RHP Ramón Silva
Pitching: RHP Ramón Silva
Batting: RHB Félix Chávez 0-0: Ball
1-0: Ball
2-0: Ground out 4-3 (Groundball, 4)
Batting: RHB Luis Viña 0-0: Called Strike
0-1: Ball
1-1: Ground out 6-3 (Groundball, 6)
Batting: LHB Tony Ríos 0-0: Called Strike
0-1: Ball
1-1: Ball
2-1: Ball
3-1: Ground out 6-3 (Groundball, 6S)
Bottom of the 1st over - 0 runs, 0 hits, 0 errors, 0 left on base; Tennessee 0 - Kansas 0
TOP OF THE 2ND
Tennessee Volunteers batting - Pitching for Kansas Jayhawks : RHP Dustin Velásquez
Batting: RHB Gary Washington 0-0: Ball
1-0: Called Strike
1-1: Swinging Strike
1-2: Ball
2-2: Ball
3-2: Ground out 6-3 (Groundball, 6M)
Batting: LHB Tom McTier 0-0: Foul Ball, location: 2F
0-1: Ball
1-1: Foul Ball, location: 2F
1-2: Fly out, F8 (Flyball, 8LD)
Batting: RHB Rodney Walker 0-0: Called Strike
0-1: Ball
1-1: Swinging Strike
1-2: Ball
2-2: Foul Ball, location: 2F
2-2: Ball
3-2: Strikes out swinging
Top of the 2nd over - 0 runs, 0 hits, 0 errors, 0 left on base; Tennessee 0 - Kansas 0
BOTTOM OF THE 2ND
Kansas Jayhawks batting - Pitching for Tennessee Volunteers : RHP Ramón Silva
Batting: LHB Mike Bowers 0-0: Ball
1-0: DOUBLE (Groundball, 3L)
Batting: RHB Peyton Ryan 0-0: Ball
1-0: Called Strike
1-1: Ball
2-1: Ball
3-1: Base on Balls
Batting: RHB Sidney Gilbert 0-0: Ball
1-0: Ground out 6-3 (Groundball, 6S)
Mike Bowers to third
Peyton Ryan to second
Batting: SHB Herb Mitchell 0-0: Ball
1-0: Ground out 4-3 (Groundball, 4)
Mike Bowers scores
Peyton Ryan to third
Batting: LHB José Pueblo 0-0: Called Strike
0-1: Ball
1-1: Swinging Strike
1-2: Strikes out swinging
Bottom of the 2nd over - 1 run, 1 hit, 0 errors, 1 left on base; Tennessee 0 - Kansas 1
TOP OF THE 3RD
Tennessee Volunteers batting - Pitching for Kansas Jayhawks : RHP Dustin Velásquez
Batting: RHB Lorne McClain 0-0: Ground out 6-3 (Groundball, 56)
Batting: RHB John Pickup 0-0: Called Strike
0-1: Ball
1-1: Foul Ball, location: 2F
1-2: Foul Ball, location: 2F
1-2: Foul Ball, location: 2F
1-2: Ball
2-2: Foul Ball, location: 2F
2-2: Strikes out looking
Batting: RHB Bruce Carr 0-0: SINGLE (Line Drive, 7S)
Batting: SHB Jared Calhoun 0-0: Foul Ball, location: 2F
0-1: Ball
1-1: Ball
2-1: Swinging Strike
2-2: Strikes out looking
Top of the 3rd over - 0 runs, 1 hit, 0 errors, 1 left on base; Tennessee 0 - Kansas 1
BOTTOM OF THE 3RD
Kansas Jayhawks batting - Pitching for Tennessee Volunteers : RHP Ramón Silva
Batting: RHB William Haas 0-0: Ball
1-0: Ball
2-0: Called Strike
2-1: Foul Ball, location: 2F
2-2: Foul Ball, location: 2F
2-2: Strikes out looking
Batting: RHB Félix Chávez 0-0: Ball
1-0: Ball
2-0: Called Strike
2-1: Ball
3-1: Base on Balls
Batting: RHB Luis Viña 0-0: Ball
Félix Chávez steals 2nd base
1-0: Called Strike
1-1: Ground out 4-3 (Groundball, 34)
Félix Chávez to third
Batting: LHB Tony Ríos 0-0: Called Strike
0-1: Ball
1-1: Ball
2-1: Foul Ball, location: 2F
2-2: Ball
3-2: Base on Balls
Batting: LHB Mike Bowers 0-0: Called Strike
0-1: Fielders Choice at 2nd, 6-4 (Groundball, 6)
Bottom of the 3rd over - 0 runs, 0 hits, 0 errors, 2 left on base; Tennessee 0 - Kansas 1
TOP OF THE 4TH
Tennessee Volunteers batting - Pitching for Kansas Jayhawks : RHP Dustin Velásquez
Batting: LHB Alfredo Cantú 0-0: Called Strike
0-1: Ball
1-1: Ball
2-1: Swinging Strike
2-2: Foul Ball, location: 2F
2-2: Strikes out swinging
Batting: LHB Carl Coffman 0-0: Ball
1-0: Swinging Strike
1-1: Fly out, F6 (Line Drive, 6M)
Batting: RHB Gary Washington 0-0: Called Strike
0-1: Ball
1-1: Called Strike
1-2: Foul Ball, location: 2F
1-2: SOLO HOME RUN (Flyball, 7LD), Distance : 338 ft
Batting: LHB Tom McTier 0-0: Swinging Strike
0-1: Called Strike
0-2: Ball
1-2: Strikes out swinging
Top of the 4th over - 1 run, 1 hit, 0 errors, 0 left on base; Tennessee 1 - Kansas 1
BOTTOM OF THE 4TH
Kansas Jayhawks batting - Pitching for Tennessee Volunteers : RHP Ramón Silva
Batting: RHB Peyton Ryan 0-0: Called Strike
0-1: Ball
1-1: DOUBLE (Groundball, 3L)
Batting: RHB Sidney Gilbert 0-0: Ball
1-0: Fly out, F7 (Flyball, 7LM)
Batting: SHB Herb Mitchell 0-0: Swinging Strike
0-1: Ball
1-1: Ball
2-1: Ball
3-1: Base on Balls
Batting: LHB José Pueblo 0-0: Ball
1-0: 3-RUN HOME RUN (Line Drive, 9D), Distance : 353 ft
Batting: RHB William Haas 0-0: Ball
1-0: Ball
2-0: Ball
3-0: Called Strike
3-1: Base on Balls
Batting: RHB Félix Chávez 0-0: Ball
1-0: Called Strike
1-1: Fielders Choice at 2nd, 6-4 (Groundball, 6)
Batting: RHB Luis Viña 0-0: Ball
1-0: Fly out, F9 (Line Drive, 9)
Bottom of the 4th over - 3 runs, 2 hits, 0 errors, 1 left on base; Tennessee 1 - Kansas 4
TOP OF THE 5TH
Tennessee Volunteers batting - Pitching for Kansas Jayhawks : RHP Dustin Velásquez
Batting: RHB Rodney Walker 0-0: Foul Ball, location: 2F
0-1: Swinging Strike
0-2: Foul Ball, location: 2F
0-2: Foul Ball, location: 2F
0-2: Strikes out swinging
Batting: RHB Lorne McClain 0-0: Ground out 5-3 (Groundball, 56)
Batting: RHB John Pickup 0-0: Fly out, F8 (Flyball, 8LD)
Top of the 5th over - 0 runs, 0 hits, 0 errors, 0 left on base; Tennessee 1 - Kansas 4
BOTTOM OF THE 5TH
Kansas Jayhawks batting - Pitching for Tennessee Volunteers : RHP Ramón Silva
Batting: LHB Tony Ríos 0-0: Called Strike
0-1: Ball
1-1: Foul Ball, location: 2F
1-2: Strikes out swinging
Batting: LHB Mike Bowers 0-0: Called Strike
0-1: Ball
1-1: Ball
2-1: Foul Ball, location: 2F
2-2: Fly out, F7 (Line Drive, 7)
Batting: RHB Peyton Ryan 0-0: Ball
1-0: SINGLE (Groundball, 6MD)
Pitching: RHP Gerald Marshall
Batting: RHB Sidney Gilbert 0-0: Ball
1-0: Called Strike
1-1: Ball
2-1: Ball
3-1: Foul Ball, location: 2F
3-2: Strikes out swinging
Bottom of the 5th over - 0 runs, 1 hit, 0 errors, 1 left on base; Tennessee 1 - Kansas 4
TOP OF THE 6TH
Tennessee Volunteers batting - Pitching for Kansas Jayhawks : RHP Dustin Velásquez
Batting: RHB Bruce Carr 0-0: Called Strike
0-1: Ball
1-1: Ground out 5-3 (Groundball, 56)
Batting: SHB Jared Calhoun 0-0: Called Strike
0-1: Swinging Strike
0-2: Strikes out looking
Batting: LHB Alfredo Cantú 0-0: Called Strike
0-1: Called Strike
0-2: Ball
1-2: Ball
2-2: Ball
3-2: Base on Balls
Pitching: RHP Ronald Crockett
Batting: LHB Carl Coffman 0-0: Ball
1-0: Called Strike
1-1: SINGLE (Line Drive, 34)
Alfredo Cantú to second
Batting: RHB Gary Washington 0-0: Foul Ball, location: 2F
0-1: Foul Ball, location: 2F
0-2: Ball
1-2: Strikes out looking
Top of the 6th over - 0 runs, 1 hit, 0 errors, 2 left on base; Tennessee 1 - Kansas 4
BOTTOM OF THE 6TH
Kansas Jayhawks batting - Pitching for Tennessee Volunteers : RHP Gerald Marshall
Batting: SHB Herb Mitchell 0-0: Fly out, F7 (Flyball, 78D)
Batting: LHB José Pueblo 0-0: Ball
1-0: Foul Ball, location: 2F
1-1: Swinging Strike
1-2: Foul Ball, location: 2F
1-2: Ball
2-2: Strikes out swinging
Batting: RHB William Haas 0-0: Foul Ball, location: 2F
0-1: Ball
1-1: Called Strike
1-2: Strikes out swinging
Bottom of the 6th over - 0 runs, 0 hits, 0 errors, 0 left on base; Tennessee 1 - Kansas 4
TOP OF THE 7TH
Tennessee Volunteers batting - Pitching for Kansas Jayhawks : RHP Ronald Crockett
Batting: LHB Tom McTier 0-0: Swinging Strike
0-1: Called Strike
0-2: Ground out 5-3 (Groundball, 56S)
Batting: RHB Rodney Walker 0-0: Called Strike
0-1: Called Strike
0-2: Ball
1-2: Ball
2-2: Strikes out swinging
Batting: RHB Lorne McClain 0-0: Ball
1-0: Foul Ball, location: 2F
1-1: Ball
2-1: Swinging Strike
2-2: Strikes out swinging
Top of the 7th over - 0 runs, 0 hits, 0 errors, 0 left on base; Tennessee 1 - Kansas 4
BOTTOM OF THE 7TH
Kansas Jayhawks batting - Pitching for Tennessee Volunteers : RHP Gerald Marshall
Batting: RHB Félix Chávez 0-0: Ball
1-0: Ball
2-0: Ball
3-0: Base on Balls
Batting: RHB Luis Viña 0-0: Ball
Félix Chávez is caught stealing 2nd base
1-0: Foul Ball, location: 2F
1-1: Foul Ball, location: 2F
1-2: SINGLE (Flyball, 7S)
Batting: LHB Tony Ríos 0-0: Fly out, F1 (Line Drive, 15)
Batting: LHB Mike Bowers 0-0: Called Strike
0-1: Ball
Luis Viña steals 2nd base
1-1: Ball
2-1: Hit by Pitch
Batting: RHB Peyton Ryan 0-0: Fielders Choice at 2nd, 5-4 (Groundball, 5)
Bottom of the 7th over - 0 runs, 1 hit, 0 errors, 2 left on base; Tennessee 1 - Kansas 4
TOP OF THE 8TH
Tennessee Volunteers batting - Pitching for Kansas Jayhawks : RHP Ronald Crockett
Pitching: RHP Jim Allen
Batting: RHB John Pickup 0-0: Ball
1-0: Called Strike
1-1: Called Strike
1-2: Strikes out swinging
Batting: RHB Bruce Carr 0-0: Called Strike
0-1: Swinging Strike
0-2: Strikes out looking
Batting: SHB Jared Calhoun 0-0: Called Strike
0-1: Ground out 1-3 (Groundball, 13)
Top of the 8th over - 0 runs, 0 hits, 0 errors, 0 left on base; Tennessee 1 - Kansas 4
BOTTOM OF THE 8TH
Kansas Jayhawks batting - Pitching for Tennessee Volunteers : RHP Gerald Marshall
Batting: RHB Sidney Gilbert 0-0: Ball
1-0: Ball
2-0: Fly out, F9 (Flyball, 9)
Batting: SHB Herb Mitchell 0-0: Called Strike
0-1: Foul Ball, location: 2F
0-2: Ball
1-2: Strikes out looking
Batting: LHB José Pueblo 0-0: Foul Ball, location: 2F
0-1: Foul Ball, location: 2F
0-2: Ball
1-2: Foul Ball, location: 2F
1-2: Fly out, F7 (Flyball, 7S)
Bottom of the 8th over - 0 runs, 0 hits, 0 errors, 0 left on base; Tennessee 1 - Kansas 4
TOP OF THE 9TH
Tennessee Volunteers batting - Pitching for Kansas Jayhawks : RHP Jim Allen
Batting: LHB Alfredo Cantú 0-0: Ball
1-0: Swinging Strike
1-1: Called Strike
1-2: Foul Ball, location: 2F
1-2: Ball
2-2: Strikes out looking
Batting: LHB Carl Coffman 0-0: Called Strike
0-1: Ball
1-1: Ball
2-1: Called Strike
2-2: Foul Ball, location: 2F
2-2: Ball
3-2: Strikes out swinging, 2-3 out at first.
Batting: RHB Gary Washington 0-0: Foul Ball, location: 2F
0-1: Foul Ball, location: 2F
0-2: Strikes out swinging
Top of the 9th over - 0 runs, 0 hits, 0 errors, 0 left on base; Tennessee 1 - Kansas 4
Saturday, December 16th, 2017 - OOTP Baseball 18.8 Build 76